 Dungeon Crawl Stone Soup version 0.25-a0-177-gd145f35b4e (webtiles) character file.

Game seed: 4166690577645583500, levelgen mode: deterministic

1383 Jindul the Skirmisher (level 8, -7/63 HPs)
             Began as a Demonspawn Berserker on Nov 26, 2019.
             Was a Priest of Trog.
             Splashed by a crimson imp's acid (15 damage)
             ... on level 7 of the Dungeon.
             The game lasted 00:32:27 (7329 turns).

Jindul the Skirmisher (Demonspawn Berserker)        Turns: 7329, Time: 00:32:27

Health: -7/63      AC:  4    Str: 18    XL:     8   Next: 40%
Magic:  8/8        EV: 14    Int: 10    God:    Trog [***...]
Gold:   281        SH:  0    Dex: 13    Spells: 7/7 levels left

rFire    . . .     SeeInvis +   f - +2 dagger (flame)
rCold    . . .     Gourm    .   (no shield)
rNeg     . . .     Faith    .   b - +0 animal skin
rPois    .         Spirit   .   B - +0 helmet
rElec    .         Reflect  .   o - +1 cloak
rCorr    .         Harm     .   C - +0 pair of gloves
MR       ++...                  (no boots)
Stlth    ++++++....             (no amulet)
HPRegen  1.20/turn              j - ring of stealth
MPRegen  0.11/turn              y - ring of see invisible

@: corroded, regenerating
A: slimy green scales 1, nightstalker 2, powered by death 1
a: Berserk, Trog's Hand, Renounce Religion


You were on level 7 of the Dungeon.
You worshipped Trog.
Trog was most pleased with you.
You were hungry.

You visited 2 branches of the dungeon, and saw 8 of its levels.

You collected 281 gold pieces.

Inventory:

Hand Weapons
 f - a +2 dagger of flaming (weapon)
 l - a +1 hunting sling of velocity
 v - the +4 whip of Ozucwyly {freeze, rN+++ MP-9 Str-2 Dex+8, unknown}
   (You found it on level 4 of the Dungeon)

   It has been specially enchanted to freeze those struck by it, causing extra
   injury to most foes and up to half again as much damage against particularly
   susceptible opponents.
   It can also slow down cold-blooded creatures.
   It affects your strength (-2).
   It affects your dexterity (+8).
   It renders you almost immune to negative energy.
   It affects your magic capacity (-9).
Missiles
 t - 10 atropa-tipped darts (quivered)
Armour
 b - a +0 animal skin (worn)
 o - a +1 cloak (worn)
 B - a +0 helmet (worn)
 C - a +0 pair of gloves (worn)
Jewellery
 j - a ring of stealth (left hand)
 y - a ring of see invisible (right hand)
Wands
 q - a wand of flame (33)
 x - a wand of enslavement (6)
 A - a wand of iceblast (6)
Scrolls
 a - a scroll of enchant weapon {unknown}
 g - 5 scrolls of identify
 i - 6 scrolls of teleportation
 p - 2 scrolls of remove curse
 s - a scroll of magic mapping {unknown}
 u - 2 scrolls of enchant armour {unknown}
 D - a scroll of immolation {unknown}
 F - a scroll of fog {unknown}
Potions
 d - a potion of resistance {unknown}
 e - 2 potions of haste {unknown}
 h - 3 potions of flight
 k - a potion of magic {unknown}
 m - 2 potions of might {unknown}
 n - 4 potions of curing
 r - 3 potions of degeneration {unknown}
 z - a potion of brilliance {unknown}
 E - a potion of mutation {unknown}
Comestibles
 c - 10 rations


   Skills:
 + Level 5.6 Fighting
 * Level 5.0 Short Blades
   Level 3.2 Axes
 - Level 2.0 Armour
 + Level 4.6 Dodging
 + Level 4.6 Stealth


You had 7 spell levels left.
You didn't know any spells.
Your spell library was empty.

Dungeon Overview and Level Annotations

Branches:
Dungeon (7/15)             Temple (1/1) D:4

Altars:
Ashenzari
Cheibriados
Dithmenos
Elyvilon
Fedhas
Gozag
Hepliaklqana
Kikubaaqudgha
Makhleb
Okawaru
Qazlal
Ru
Sif Muna
Trog
Uskayaw
Vehumet
Wu Jian
Xom
Yredelemnul
The Shining One


Innate Abilities, Weirdness & Mutations

You are partially covered in slimy green scales. (AC +2)
You are significantly more attuned to the shadows.
You regenerate a little health from kills.


Message History

You are too injured to fight recklessly!
You are too injured to fight recklessly!
You are too injured to fight recklessly!
You are too injured to fight recklessly!
You are too injured to fight recklessly!
You are too injured to fight recklessly!
You are too injured to fight recklessly!
You are too injured to fight recklessly!
You are too injured to fight recklessly!
You are too injured to fight recklessly!
Your skin crawls.
You feel resistant to hostile enchantments.
You are feeling hungry.
The crimson imp zaps a wand.
The bolt of acid misses you.
You miss the crimson imp. You closely miss the crimson imp.
The crimson imp zaps a wand.
The bolt of acid hits you!
* * * LOW HITPOINT WARNING * * *
The acid corrodes you!
You are splashed with acid!
You die...

......##.##########
#####.##..........#
# #.###########.#
.# #.# #.####.# #.#
##.#....# #.#
#.......# #.#
#.......# #.#
#5._..#.# ###
#@....# #
####.....#
#.......##
#.####### #.#♣##.#
♣......# #.#♣#..#
##.# #.#


You could see a crimson imp.

Vanquished Creatures
  A phantom (D:7)
  4 sky beasts
  An ogre (D:4)
  A water moccasin zombie (D:5)
  2 scorpions
  A crimson imp (D:5)
  2 howler monkeys
  A centaur skeleton (D:4)
  A hound (D:6)
  3 orc priests
  4 orc wizards
  3 iguanas
  2 worker ants (D:6)
  4 gnolls
  6 adders
  A shadow imp (D:6)
  An adder skeleton (D:4)
  3 worms
  4 leopard geckos
  8 orcs
  2 ball pythons (D:3)
  10 bats
  5 giant cockroaches
  9 goblins
  7 hobgoblins
  7 jackals
  4 kobolds
  2 quokkas
  6 frilled lizards
  A leopard gecko skeleton (D:5)
  10 rats
116 creatures vanquished.

Notes
Turn   | Place    | Note
-------+----------+-------------------------------------------
     0 | D:1      | Jindul the Demonspawn Berserker began the quest for the
                  | Orb.
     0 | D:1      | Reached XP level 1. HP: 18/18 MP: 1/1
   464 | D:1      | Gained mutation: You are slightly more attuned to the
                  | shadows. [demonic ancestry]
   464 | D:1      | Reached XP level 2. HP: 21/24 MP: 2/2
   878 | D:1      | Reached skill level 1 in Stealth
   924 | D:1      | Reached ** piety under Trog
  1012 | D:2      | Gained mutation: You regenerate a little health from kills.
                  | [demonic ancestry]
  1012 | D:2      | Reached XP level 3. HP: 10/29 MP: 3/3
  1264 | D:2      | Found a sacrificial altar of Ru.
  1339 | D:2      | Gained mutation: You are partially covered in slimy green
                  | scales. (AC +2) [demonic ancestry]
  1339 | D:2      | Reached XP level 4. HP: 29/35 MP: 4/4
  3240 | D:3      | Reached skill level 1 in Short Blades
  3357 | D:3      | Reached XP level 5. HP: 35/42 MP: 5/5
  3450 | D:3      | Reached *** piety under Trog
  3996 | D:4      | HP: 1/42 [scorpion (3)]
  4100 | D:5      | Entered Level 5 of the Dungeon
  4266 | D:5      | Reached XP level 6. HP: 48/48 MP: 6/6
  5157 | D:4      | Got a steaming whip
  5184 | D:4      | Found a staircase to the Ecumenical Temple.
  5193 | D:4      | HP: 2/49 [ogre/+0 giant club (26)]
  5195 | D:4      | Gained mutation: You are significantly more attuned to the
                  | shadows. [demonic ancestry]
  5195 | D:4      | Reached XP level 7. HP: 5/55 MP: 7/7
  5790 | Temple   | Entered the Ecumenical Temple
  6059 | D:5      | Found an ornate altar of the Wu Jian Council.
  6732 | D:6      | Reached skill level 5 in Fighting
  6880 | D:6      | Reached XP level 8. HP: 62/62 MP: 8/8
  6896 | D:7      | Found a snail-covered altar of Cheibriados.
  7083 | D:7      | Reached skill level 5 in Short Blades
  7288 | D:7      | Found a shimmering altar of Xom.
  7329 | D:7      | Splashed by a crimson imp's acid

Levels and vault maps discovered:
D:1:      nzn_arrival_settlement, layout_loops_ring
D:2:      layout_basic, old_standard_altar, first_ration
D:3:      layout_loops_ring
D:4:      layout_loops_corners, minmay_temple_entry_trees
D:5:      layout_cave_pools, nicolae_overflow_crystal_walls, kennysheep_doodads,
          minivault_14
D:6:      layout_loops_ring, gammafunk_ghost_cemetery,
          small_statue_intersection, minivault_5, st_stairs_11
D:7:      layout_loops_ring, cheibriados_altar_1,
          amethyst_overflow_temple_binary, basic_altar, serial_shops, shop,
          shop, shop_fountains, nicolae_shop_stone, shop
Temple:   regret_index_temple_sphere_string

Skill      XL: |  1  2  3  4  5  6  7  8 |
---------------+-------------------------+-----
Armour         | 2 |  2.0
Dodging        | 2 3 4 |  4.6
Stealth        | 1 2 3 4 |  4.6
Axes           | 3 |  3.2
Short Blades   | 1 2 4 5 |  5.0
Fighting       | 4 5 |  5.6

Action                   |  1- 3 |  4- 6 |  7- 9 || total
-------------------------+-------+-------+-------++-------
Melee: Hand axe          |    81 |     3 |       ||    84
       Short sword       |       |   215 |       ||   215
       Dagger            |       |    23 |   151 ||   174
Invok: Berserk           |     1 |     5 |     2 ||     8
       Trog's Hand       |       |     1 |     1 ||     2
  Use: Scroll            |       |     5 |       ||     5
       Potion            |       |     1 |       ||     1
 Stab: Sleeping          |     6 |    20 |     7 ||    33
  Eat: Chunk             |     2 |    13 |     6 ||    21
       Ration            |       |     1 |     1 ||     2
Armor: Animal skin       |    13 |    63 |    29 ||   105
Dodge: Dodged            |    49 |   152 |    61 ||   262

Table legend:
 A = Non-vault XP
 B = Vault XP
 C = Vault XP percentage of total XP
 D = Non-vault monster count
 E = Vault monster count
 F = Vault count percentage of total count
                 A         B        C        D         E       F
            +---------+---------+-------+---------+---------+-------
      Total |    1934 |      42 |   2.1 |     115 |       1 |   0.9
            +---------+---------+-------+---------+---------+-------
        D:1 |      38 |       0 |   0.0 |      23 |       0 |   0.0
        D:2 |     105 |       0 |   0.0 |      23 |       0 |   0.0
        D:3 |      67 |       0 |   0.0 |      22 |       0 |   0.0
        D:4 |     426 |       0 |   0.0 |      17 |       0 |   0.0
        D:5 |     467 |       0 |   0.0 |      14 |       0 |   0.0
        D:6 |     300 |      42 |  12.3 |      11 |       1 |   8.3
        D:7 |     531 |       0 |   0.0 |       5 |       0 |   0.0
            +---------+---------+-------+---------+---------+-------
